 Dungeon Crawl Stone Soup version 0.26-a0-835-g8259106e14 (webtiles) character file.

Game seed: 714243592791398178

59353 robertstho the Thaumaturge (level 14, -5/129 HPs)
             Began as a Gnoll Ice Elementalist on Nov 16, 2020.
             Was a High Priest of Sif Muna.
             Killed from afar by an orc sorcerer (27 damage)
             ... with a bolt of negative energy
             ... on level 2 of the Orcish Mines on Nov 17, 2020.
             The game lasted 00:49:02 (23106 turns).

robertstho the Thaumaturge (GnIE)                  Turns: 23106, Time: 00:49:02

Health: -5/129     AC: 12    Str: 11    XL:     14   Next: 94%
Magic:  7/28       EV: 16    Int: 22    God:    Sif Muna [*****.]
Gold:   1767       SH:  0    Dex: 16    Spells: 10/34 levels left

rFire    x . .     SeeInvis +     - Unarmed
rCold    + + +     Faith    .   (shield currently unavailable)
rNeg     . . .     Spirit   .   (armour currently unavailable)
rPois    +         Reflect  .   (helmet currently unavailable)
rElec    .         Harm     .   (cloak currently unavailable)
rCorr    .         Rampage  .   (gloves currently unavailable)
MR       +....                  (boots currently unavailable)
Stlth    ++++......             q - amulet of regeneration
HPRegen  0.71/turn              C - +4 ring of protection
MPRegen  0.21/turn              E - ring of see invisible

@: ice-form, frozen ramparts, drained
A: large, distributed training, strong nose
a: End Transformation, Channel Magic, Forget Spell, Divine Exegesis, Renounce
Religion


You were on level 2 of the Orcish Mines.
You worshipped Sif Muna.
Sif Muna was extremely pleased with you.
You were a creature of crystalline ice.
You visited 4 branches of the dungeon, and saw 22 of its levels.

You collected 1923 gold pieces.
You spent 156 gold pieces at shops.

Inventory:

Hand Weapons
 u - a +0 whip of electrocution
 D - a +4 mace of holy wrath
 I - a +1 vampiric spear (melded)
 T - the +7 arbalest of Tuecil {elec, +Blink Int+2 Dex-2, unknown}
   (You found it on level 6 of the Lair of Beasts)

   It charges the ammunition it shoots with electricity; occasionally upon a
   hit, such missiles may discharge and cause terrible harm.
   It affects your intelligence (+2).
   It affects your dexterity (-2).
   It lets you blink.
Missiles
 c - 66 sling bullets
Armour
 r - a +0 pair of gloves (melded)
 t - a scarf of invisibility (melded)
 x - a +0 cloak of stealth
 F - a +0 pair of boots (melded)
 H - the +0 ring mail of Makhleb's Favour {Harm rElec rF++ rC-}
   (You found it on level 8 of the Dungeon)

   It greatly protects you from fire.
   It makes you vulnerable to cold.
   It insulates you from electricity.
   It increases damage dealt and taken.
 K - the +1 robe of the Beekeeper (melded) {Regen+}
   (You found it on level 9 of the Dungeon)

   It increases your rate of regeneration.
 V - the +2 shield of Resistance (melded) {rF++ rC++ MR++}
   (You found it on level 6 of the Lair of Beasts)

   It greatly protects you from fire.
   It greatly protects you from cold.
   It affects your resistance to hostile enchantments.
 W - a scarf of invisibility
Magical Staves
 S - an uncursed staff of conjuration
Jewellery
 q - an amulet of regeneration (around neck)
 C - a +4 ring of protection (left front paw)
 E - a ring of see invisible (right front paw)
 O - an uncursed ring of positive energy
Wands
 n - a wand of paralysis (25)
 z - a wand of acid (19)
Scrolls
 d - 7 scrolls of teleportation
 e - 2 scrolls of fear
 i - 13 scrolls of remove curse
 k - a scroll of acquirement {unknown}
 l - 5 scrolls of amnesia {unknown}
 m - 3 scrolls of enchant weapon {unknown}
 p - 8 scrolls of enchant armour {unknown}
 s - a scroll of immolation {unknown}
 v - 5 scrolls of blinking
 y - a scroll of summoning
 B - 4 scrolls of fog
 J - a scroll of brand weapon
 L - a scroll of holy word
 R - a scroll of silence
Potions
 b - 2 potions of heal wounds
 f - 4 potions of might
 g - 8 potions of curing
 h - 4 potions of invisibility
 j - 7 potions of lignification
 o - 4 potions of berserk rage
 A - a potion of ambrosia
 G - 3 potions of haste
 N - a potion of magic
 P - 2 potions of brilliance
Miscellaneous
 M - a phantom mirror
 Q - a lightning rod (4/4)
 U - a tin of tremorstones (2/2)


   Skills:
 + Level 9.6(8.5) Fighting
 + Level 9.6(8.5) Short Blades
 + Level 9.6(8.5) Long Blades
 + Level 9.6(8.5) Axes
 + Level 9.6(8.5) Maces & Flails
 + Level 9.6(8.5) Polearms
 + Level 9.6(8.5) Staves
 + Level 9.6(8.5) Slings
 + Level 9.6(8.5) Bows
 + Level 9.6(8.5) Crossbows
 + Level 9.6(8.5) Throwing
 + Level 9.6(8.5) Armour
 + Level 10.6(9.4) Dodging
 + Level 10.4(9.3) Stealth
 + Level 9.6(8.5) Shields
 + Level 9.6(8.5) Unarmed Combat
 + Level 10.8(9.6) Spellcasting
 + Level 8.1(7.0) Conjurations
 + Level 8.1(7.0) Hexes
 + Level 8.1(7.0) Summonings
 + Level 8.1(7.0) Necromancy
 + Level 8.1(7.0) Translocations
 + Level 8.1(7.0) Transmutations
 + Level 8.1(7.0) Fire Magic
 + Level 10.7(9.5) Ice Magic
 + Level 8.1(7.0) Air Magic
 + Level 8.1(7.0) Earth Magic
 + Level 8.1(7.0) Poison Magic
 + Level 10.4(9.3) Invocations
 + Level 9.6(8.5) Evocations


You had 10 spell levels left.
You knew the following spells:

 Your Spells              Type           Power        Failure   Level
a - Freeze                Ice            ####         1%          1
b - Frozen Ramparts       Ice            ######       1%          3
c - Ozocubu's Armour      Ice            ######..     1%          3
d - Hailstorm             Conj/Ice       #####...     1%          4
e - Summon Ice Beast      Ice/Summ       #####...     1%          4
f - Ice Form              Ice/Tmut       #####...     1%          4
g - Fireball              Conj/Fire      #####.....   10%         5

Your spell library contained the following spells:

 Spells                   Type           Power        Failure   Level
 Animate Skeleton         Necr           #####.       1%          1
 Apportation              Tloc           #####.       1%          1
 Beastly Appendage        Tmut           #####.       1%          1
 Pain                     Necr           ####         1%          1
 Wereblood                Tmut           #####...     1%          2
 Ignite Poison            Fire/Tmut/Pois #####...     1%          3
 Lesser Beckoning         Tloc           #####.....   1%          3
 Mephitic Cloud           Conj/Pois/Air  #####...     1%          3
 Portal Projectile        Hex/Tloc       #####.       1%          3
 Spider Form              Tmut/Pois      #####.....   1%          3
 Tukima's Dance           Hex            #####...     1%          3
 Vampiric Draining        Necr           #####.....   1%          3
 Animate Dead             Necr           #####.....   3%          4
 Passage of Golubria      Tloc           N/A          3%          4
 Sticky Flame             Conj/Fire      #####...     3%          4
 Metabolic Englaciation   Hex/Ice        #####.....   6%          5
 Agony                    Necr           #####...     10%         5
 Alistair's Intoxication  Tmut/Pois      #####....    10%         5
 Blade Hands              Tmut           #####.....   10%         5
 Irradiate                Conj/Tmut      #####.....   10%         5
 Iskenderun's Battlesphe  Conj           #####...     10%         5
 Silence                  Hex/Air        #####.....   10%         5
 Invisibility             Hex            #####...     47%         6
 Starburst                Conj/Fire      #####.....   47%         6
 Statue Form              Tmut/Erth      #####....    47%         6
 Chain Lightning          Conj/Air       #####.....   100%        8
 Discord                  Hex            #####.....   100%        8
 Ignition                 Fire           #####.....   100%        8
 Shatter                  Erth           #####.....   100%        9


Dungeon Overview and Level Annotations

Branches:
Dungeon (13/15)            Temple (1/1) D:6            Lair (6/6) D:11
  Swamp (0/4) Lair:2       Spider (0/4) Lair:3        Slime (0/5) Lair:6
    Orc (2/2) D:12
    Elf: Orc:2       Vaults: D:13-14

Altars:
Ashenzari
Cheibriados
Dithmenos
Elyvilon
Fedhas
Gozag
Hepliaklqana
Kikubaaqudgha
Makhleb
Nemelex Xobeh
Okawaru
Qazlal
Ru
Sif Muna
Trog
Uskayaw
Vehumet
Wu Jian
Xom
Yredelemnul
Zin
The Shining One

Shops:
D:9 *

Portals:
Abyss: D:10

Annotations:
D:10 2 transporters, robertstho's ghost, journeyman GnIE
Lair:1 exclusion: oklob plant


Innate Abilities, Weirdness & Mutations

Your experience applies equally to all skills.
((You have very sharp teeth.))
Your uncanny sense of smell can sniff out nearby items.


Message History

* * * LOW HITPOINT WARNING * * *
Your ice beast barely misses the orc wizard.
An orc wizard comes into view. It is wielding a +0 dagger.
The orc sorcerer completely misses you.
Casting: Ice Form (mildly dangerous; 1% risk of failure)
Confirm with . or Enter, or press ? or * to list all spells.
The walls around you are covered in ice.
The ice devil completely resists.
The wall freezes the ice devil but do no damage.
The ice devil hits you.
* * * LOW HITPOINT WARNING * * *
The ice devil freezes you. You resist.
* * * LOW HITPOINT WARNING * * *
The orc wizard hits your ice beast but does no damage.
The orcs go into a battle-frenzy!
The orange demon completely misses you.
Your ice beast hits the orc wizard.
Your ice beast freezes the orc wizard!
The wall freezes the orc sorcerer!
The orc sorcerer gestures at you while chanting.
The bolt of negative energy hits you!!
You feel drained.
You die...

##..##......#.# ∆
##...###.....###∆
. #...## ##....#
.. ##.## #....##
∆∆∆ ÷o. ###
##....# ÷...
##...## .o..#
#....##o.÷..#
##.4.)Y÷..#
##Yo4)..##
##).)### #####


You could see an orange demon (summoned), an ice devil (summoned), an orc
sorcerer (strong), 2 orc wizards and a friendly ice beast (summoned).

Vanquished Creatures
  2 hydras
  A catoblepas (Lair:6)
  5 death yaks (Lair:6)
  3 orc high priests (Orc:2)
  Pikel (D:4)
  2 orc knights (Orc:2)
  2 orc sorcerers (Orc:2)
  2 elephants (Lair:3)
  2 black mambas
  11 cane toads
  4 kobold demonologists
  9 komodo dragons
  A tengu conjurer (D:11)
  7 trolls
  6 slime creatures
  2 polar bears
  3 dream sheep (Lair:6)
  Prince Ribbit (Lair:1)
  24 blink frogs
  49 yaks
  10 wyverns
  A nameless horror (D:7)
  5 basilisks
  A steam dragon (Lair:3)
  12 water moccasins
  10 orc warriors
  An ice beast (D:6)
  4 sky beasts
  6 black bears
  A phantom (D:7)
  12 wolves
  3 centaurs (D:7)
  7 ogres
  A lemure (D:4)
  Blork the orc (D:4)
  A big kobold (D:10)
  14 bullfrogs
  A gnoll sergeant (D:9)
  A wyvern skeleton (D:12)
  6 scorpions
  2 wights (D:7)
  2 howler monkeys
  Crazy Yiuf (D:4)
  A centaur zombie (D:10)
  9 hounds
  4 jellies
  11 orc priests
  9 orc wizards
  Jessica (D:3)
  2 bullfrog skeletons (D:4)
  Ijyb (D:3)
  9 iguanas
  13 hell rats
  14 worker ants
  A hound skeleton (D:10)
  3 gnolls (D:9)
  2 howler monkey skeletons (D:4)
  7 adders
  2 shadow imps
  2 white imps
  2 ufetubi
  2 oozes
  2 adder skeletons
  An adder zombie (D:6)
  7 leopard geckos
  56 orcs
  4 bats
  6 giant cockroaches
  7 goblins
  11 hobgoblins
  13 jackals
  22 kobolds
  2 quokkas (D:5)
  A frilled lizard (D:1)
  2 jackal skeletons
  A leopard gecko skeleton (D:5)
  5 rats
475 creatures vanquished.

Vanquished Creatures (collateral kills)
  Rupert (D:12)
  5 hydras
  2 catoblepae (Lair:6)
  2 two-headed ogres
  2 death yaks (Lair:6)
  A tengu warrior (D:12)
  2 manticores (Lair:6)
  2 ugly things (D:12)
  2 elephants (Lair:3)
  A centaur zombie (D:12)
  A centaur skeleton (D:12)
  4 cane toads
  9 rime drakes
  4 komodo dragons
  A gargoyle (D:11)
  A yaktaur (D:12)
  A kobold demonologist (D:12)
  A polar bear (Lair:5)
  A wolf spider simulacrum (D:12)
  5 blink frogs
  4 dream sheep (Lair:6)
  2 wyverns
  18 yaks
  5 basilisks
  3 water moccasins
  An acid dragon (D:10)
  2 orc warriors (Orc:2)
  An ice beast (D:6)
  An ogre (D:7)
  A phantom (D:9)
  A centaur (D:10)
  3 bullfrogs
  A wyvern zombie (D:7)
  9 wights
  A jelly (Lair:6)
  An orc wizard (D:9)
  A bullfrog skeleton (D:12)
  2 worker ants (D:12)
  A gnoll (D:9)
  2 orcs (D:7)
  A leopard gecko zombie (D:9)
109 creatures vanquished.

Vanquished Creatures (others)
  A hobgoblin (D:3)
  A bush (Lair:4)
  26 fungi
  39 plants
67 creatures vanquished.

Grand Total: 651 creatures vanquished

Notes
Turn   | Place    | Note
-------+----------+-------------------------------------------
     0 | D:1      | robertstho the Gnoll Ice Elementalist began the quest for
                  | the Orb.
     0 | D:1      | Reached XP level 1. HP: 13/13 MP: 6/6
   426 | D:1      | Reached XP level 2. HP: 19/19 MP: 5/7
   775 | D:1      | Reached XP level 3. HP: 19/25 MP: 7/9
   778 | D:1      | Reached skill level 5 in Spellcasting
  1150 | D:1      | Reached skill level 1 in Invocations
  1350 | D:1      | Learned a level 3 spell: Frozen Ramparts
  1354 | D:1      | Learned a level 3 spell: Ozocubu's Armour
  1688 | D:2      | Reached skill level 1 in Fighting
  1688 | D:2      | Reached skill level 1 in Short Blades
  1688 | D:2      | Reached skill level 1 in Long Blades
  1688 | D:2      | Reached skill level 1 in Axes
  1688 | D:2      | Reached skill level 1 in Maces & Flails
  1688 | D:2      | Reached skill level 1 in Polearms
  1688 | D:2      | Reached skill level 1 in Staves
  1688 | D:2      | Reached skill level 1 in Slings
  1688 | D:2      | Reached skill level 1 in Bows
  1688 | D:2      | Reached skill level 1 in Crossbows
  1688 | D:2      | Reached skill level 1 in Throwing
  1688 | D:2      | Reached skill level 1 in Armour
  1688 | D:2      | Reached skill level 1 in Shields
  1688 | D:2      | Reached skill level 1 in Unarmed Combat
  1688 | D:2      | Reached skill level 1 in Evocations
  1845 | D:2      | Found a bloodstained altar of Trog.
  2256 | D:3      | Noticed Ijyb
  2265 | D:3      | Killed Ijyb
  2266 | D:3      | Reached XP level 4. HP: 32/32 MP: 8/11
  2491 | D:3      | Reached skill level 1 in Conjurations
  2491 | D:3      | Reached skill level 1 in Hexes
  2491 | D:3      | Reached skill level 1 in Summonings
  2491 | D:3      | Reached skill level 1 in Necromancy
  2491 | D:3      | Reached skill level 1 in Translocations
  2491 | D:3      | Reached skill level 1 in Transmutations
  2491 | D:3      | Reached skill level 1 in Fire Magic
  2491 | D:3      | Reached skill level 1 in Air Magic
  2491 | D:3      | Reached skill level 1 in Earth Magic
  2491 | D:3      | Reached skill level 1 in Poison Magic
  2680 | D:3      | Found a white marble altar of Elyvilon.
  2762 | D:3      | Noticed Jessica
  2767 | D:3      | Killed Jessica
  2768 | D:3      | Reached XP level 5. HP: 37/37 MP: 8/12
  3468 | D:4      | Noticed a lemure
  3469 | D:4      | Noticed Pikel
  3469 | D:4      | Noticed a lemure
  3469 | D:4      | Noticed a lemure
  3470 | D:4      | Noticed a lemure
  3481 | D:4      | Killed a lemure
  3486 | D:4      | Killed Pikel
  3487 | D:4      | Reached skill level 5 in Dodging
  3487 | D:4      | Reached skill level 5 in Stealth
  3487 | D:4      | Reached XP level 6. HP: 46/46 MP: 7/14
  3487 | D:4      | Reached XP level 7. HP: 51/51 MP: 7/15
  3785 | D:4      | Found a runed translucent door.
  3786 | D:4      | Noticed Crazy Yiuf
  3822 | D:4      | Reached XP level 8. HP: 51/57 MP: 12/16
  3933 | D:4      | Learned a level 4 spell: Hailstorm
  3938 | D:4      | Learned a level 4 spell: Summon Ice Beast
  4096 | D:4      | Noticed Blork the orc
  4111 | D:4      | Killed Blork the orc
  4732 | D:4      | Killed Crazy Yiuf
  4775 | D:5      | Entered Level 5 of the Dungeon
  5448 | D:5      | Found a sacrificial altar of Ru.
  6013 | D:6      | Reached XP level 9. HP: 65/65 MP: 5/18
  6395 | D:6      | Found a broken altar of Ashenzari.
  6481 | D:6      | Found a staircase to the Ecumenical Temple.
  6495 | Temple   | Entered the Ecumenical Temple
  7218 | D:7      | Found a shimmering blue altar of Sif Muna.
  7218 | D:7      | Found a radiant altar of Vehumet.
  7236 | D:7      | Became a worshipper of Sif Muna the Loreminder
  7632 | D:7      | Reached skill level 5 in Invocations
  7897 | D:7      | Noticed a nameless horror
  7906 | D:7      | Killed a nameless horror
  8449 | D:7      | Reached XP level 10. HP: 73/73 MP: 3/20
  8946 | D:8      | Got a twisted ring mail
  9088 | D:7      | Identified the cursed +0 ring mail of Makhleb's Favour
                  | {Harm rElec rF++ rC-} (You found it on level 8 of the
                  | Dungeon)
  9224 | D:8      | Found a sparkling altar of Nemelex Xobeh.
  9246 | D:8      | Found an ornate altar of the Wu Jian Council.
  9326 | D:8      | Reached * piety under Sif Muna
  9330 | D:8      | Noticed a kobold demonologist
  9335 | D:8      | Noticed a kobold demonologist
  9335 | D:8      | Noticed a kobold demonologist
  9340 | D:8      | Killed a kobold demonologist
  9341 | D:8      | Reached skill level 5 in Fighting
  9341 | D:8      | Reached skill level 5 in Short Blades
  9341 | D:8      | Reached skill level 5 in Long Blades
  9341 | D:8      | Reached skill level 5 in Axes
  9341 | D:8      | Reached skill level 5 in Maces & Flails
  9341 | D:8      | Reached skill level 5 in Polearms
  9341 | D:8      | Reached skill level 5 in Staves
  9341 | D:8      | Reached skill level 5 in Slings
  9341 | D:8      | Reached skill level 5 in Bows
  9341 | D:8      | Reached skill level 5 in Crossbows
  9341 | D:8      | Reached skill level 5 in Throwing
  9341 | D:8      | Reached skill level 5 in Armour
  9341 | D:8      | Reached skill level 5 in Shields
  9341 | D:8      | Reached skill level 5 in Unarmed Combat
  9341 | D:8      | Reached skill level 5 in Evocations
  9344 | D:8      | Killed a kobold demonologist
  9347 | D:8      | Killed a kobold demonologist
 10413 | D:9      | Got a heavy robe
 10445 | D:9      | Reached ** piety under Sif Muna
 10759 | D:9      | Noticed a two-headed ogre
 10766 | D:9      | Killed a two-headed ogre
 11041 | D:9      | Found a bloodstained altar of Trog.
 11056 | D:9      | Reached XP level 11. HP: 78/81 MP: 19/22
 11252 | D:9      | Found Sumusatu's Assorted Antiques.
 11260 | D:9      | Bought a scroll of identify for 52 gold pieces
 11260 | D:9      | Bought a scroll of identify for 52 gold pieces
 11260 | D:9      | Bought a scroll labelled AREZYG SUUTUM for 26 gold pieces
 11260 | D:9      | Bought a scroll labelled AMAILE OTUKLUE for 26 gold pieces
 11273 | D:9      | Identified the +1 robe of the Beekeeper {Regen+} (You found
                  | it on level 9 of the Dungeon)
 11478 | D:10     | Entered Level 10 of the Dungeon
 11897 | D:10     | Identified the +7 mace "Ykicool" {distort, rElec rF+ rC+
                  | Dex+2}
 11897 | D:10     | Noticed a skeletal warrior
 11919 | D:10     | Reached skill level 5 in Conjurations
 11919 | D:10     | Reached skill level 5 in Hexes
 11919 | D:10     | Reached skill level 5 in Summonings
 11919 | D:10     | Reached skill level 5 in Necromancy
 11919 | D:10     | Reached skill level 5 in Translocations
 11919 | D:10     | Reached skill level 5 in Transmutations
 11919 | D:10     | Reached skill level 5 in Fire Magic
 11919 | D:10     | Reached skill level 5 in Air Magic
 11919 | D:10     | Reached skill level 5 in Earth Magic
 11919 | D:10     | Reached skill level 5 in Poison Magic
 11929 | D:10     | Found a one-way gate to the infinite horrors of the Abyss.
 11929 | D:10     | Noticed robertstho's ghost (journeyman GnIE)
 11938 | D:10     | Noticed a hell hog
 11942 | D:10     | Found a transporter.
 11947 | D:10     | Noticed a thrashing horror
 11952 | D:10     | Found a transporter.
 12166 | D:10     | Reached *** piety under Sif Muna
 12503 | D:11     | Found a staircase to the Lair.
 12555 | D:11     | Found an ornate altar of the Wu Jian Council.
 13256 | D:12     | Noticed a sun demon
 13274 | D:12     | Reached **** piety under Sif Muna
 13375 | D:12     | Noticed a brown ugly thing
 13382 | D:12     | Killed a brown ugly thing
 13605 | D:12     | Noticed Rupert
 13627 | D:12     | Killed Rupert
 13628 | D:12     | Reached XP level 12. HP: 89/89 MP: 15/24
 13841 | D:12     | Found a staircase to the Orcish Mines.
 14091 | D:12     | Noticed a five-headed hydra
 14096 | D:12     | Noticed a tengu warrior
 14102 | D:12     | Noticed an eight-headed hydra
 14105 | D:12     | Killed a tengu warrior
 14107 | D:12     | Killed a five-headed hydra
 14113 | D:12     | Killed an eight-headed hydra
 14209 | D:12     | Noticed a two-headed ogre
 14224 | D:12     | Killed a two-headed ogre
 15087 | Lair:1   | Entered Level 1 of the Lair of Beasts
 15088 | Lair:1   | Noticed a four-headed hydra
 15100 | Lair:1   | Killed a four-headed hydra
 15339 | Lair:1   | Noticed Prince Ribbit
 15349 | Lair:1   | Killed Prince Ribbit
 15823 | Lair:1   | Reached XP level 13. HP: 94/98 MP: 11/26
 15823 | Lair:1   | Reached ***** piety under Sif Muna
 16330 | Lair:2   | Received a gift from Sif Muna
 16555 | Lair:2   | Found a staircase to the Swamp.
 16912 | Lair:2   | Learned a level 4 spell: Ice Form
 16918 | Lair:2   | Learned a level 5 spell: Fireball
 17561 | Lair:3   | Found a hole to the Spider Nest.
 17710 | Lair:3   | Reached skill level 10 in Ice Magic
 18991 | Lair:5   | Reached skill level 10 in Spellcasting
 19148 | Lair:5   | Identified Bieprein's Disquisition on Stones and Attacks
                  | (Sif Muna gifted it to you on level 5 of the Lair of
                  | Beasts)
 19148 | Lair:5   | Received a gift from Sif Muna
 19618 | Lair:5   | Reached XP level 14. HP: 106/106 MP: 17/28
 19629 | Lair:5   | Reached skill level 10 in Dodging
 20234 | Lair:6   | Entered Level 6 of the Lair of Beasts
 20543 | Lair:6   | Reached skill level 10 in Stealth
 20794 | Lair:6   | Found a staircase to the Slime Pits.
 21053 | Lair:6   | Reached skill level 10 in Invocations
 21071 | Lair:6   | Identified Sif Muna's Incunabulum of Translocation and
                  | Bewitchment (Sif Muna gifted it to you on level 6 of the
                  | Lair of Beasts)
 21071 | Lair:6   | Received a gift from Sif Muna
 21190 | Lair:6   | Got a jewelled arbalest
 22211 | Lair:6   | Found the +2 shield of Resistance {rF++ rC++ MR++}
 22515 | Orc:1    | Entered Level 1 of the Orcish Mines
 22566 | Orc:1    | Upgraded the game from 0.26-a0-834-g69557b85cc to
                  | 0.26-a0-835-g8259106e14
 22743 | Orc:2    | Entered Level 2 of the Orcish Mines
 23106 | Orc:2    | Killed from afar by an orc sorcerer

Illustrated notes

Levels and vault maps discovered:
D:1:      minmay_arrival_wavy_path, layout_loops_ring, minmay_small_reverse_x
D:2:      layout_loops_ring, nicolae_overflow_hidden_temple
D:3:      layout_loops_corners, elyvilon_altar_4, uniq_jessica, uniq_ijyb
D:4:      layout_loops_ring, serial_rivers, chequers_serial_rivers_room_b,
          chequers_serial_rivers_large_a, chequers_serial_rivers_marsh,
          chequers_serial_rivers_small_b, kennysheep_generic_room_13,
          uniq_blork_the_orc, uniq_crazy_yiuf_cottage, uniq_pikel
D:5:      layout_cave_pods, nicolae_ru_sacrificial_ziggurat
D:6:      layout_gridville, lemuel_coloured_pillars_altar,
          minmay_temple_entry_mist
D:7:      layout_loops_ring, gammafunk_temple_overflow_statue,
          kennysheep_generic_room_10
D:8:      layout_basic, grunt_temple_overflow_open
D:9:      layout_irregular_city, serial_shops, nicolae_shop_trees,
          trog_ov_bears_minmay
D:10:     layout_roguey, gammafunk_ghost_abyssal_escape
D:11:     layout_irregular_city, lair_entry_dummy, basic_altar
D:12:     minmay_isolated_rectangles_in_corner, layout_rooms, hiddenorc1_lemuel,
          minmay_pinched_square, uniq_rupert
D:13:     orc_temple, layout_rooms, erik_vaults_2, gammafunk_ghost_cemetery,
          palyth_stone_intersect, kennysheep_generic_room_8
Temple:   regret_index_temple_generic_petals
Lair:1:   layout_regular_city, grunt_megastairs_3, minmay_lair_oklob_chamber,
          uniq_prince_ribbit2
Lair:2:   beast_lair_carwin_large_3, layout_cave_shapes, swamp_mist,
          minivault_26
Lair:3:   wander_river, layout_cave_pods, spider_nest_entry_web_field
Lair:4:   layout_loops_ring, lemuel_fruit_tree
Lair:5:   layout_small_grid, special_room [special_room_mythical_zoo]
Lair:6:   evilmike_catoblepas_cave, layout_cave_shapes,
          minmay_slime_entry_pillars
Orc:1:    layout_caves, basic_altar
Orc:2:    grunt_orc_tribal_feast, layout_caves, minmay_orc_barracks

Skill      XL: |  1  2  3  4  5  6  7  8  9 10 11 12 13 14 |
---------------+-------------------------------------------+-----
Spellcasting   | 5 6 7 8 9 10 | 10.8
Invocations    | 1 2 3 4 5 6 7 8 9 10 | 10.4
Fighting       | 1 2 3 4 5 6 7 8 9 |  9.6
Short Blades   | 1 2 3 4 5 6 7 8 9 |  9.6
Long Blades    | 1 2 3 4 5 6 7 8 9 |  9.6
Axes           | 1 2 3 4 5 6 7 8 9 |  9.6
Maces & Flails | 1 2 3 4 5 6 7 8 9 |  9.6
Polearms       | 1 2 3 4 5 6 7 8 9 |  9.6
Staves         | 1 2 3 4 5 6 7 8 9 |  9.6
Slings         | 1 2 3 4 5 6 7 8 9 |  9.6
Bows           | 1 2 3 4 5 6 7 8 9 |  9.6
Crossbows      | 1 2 3 4 5 6 7 8 9 |  9.6
Throwing       | 1 2 3 4 5 6 7 8 9 |  9.6
Armour         | 1 2 3 4 5 6 7 8 9 |  9.6
Shields        | 1 2 3 4 5 6 7 8 9 |  9.6
Unarmed Combat | 1 2 3 4 5 6 7 8 9 |  9.6
Evocations     | 1 2 3 4 5 6 7 8 9 |  9.6
Conjurations   | 1 2 3 4 5 6 7 8 |  8.1
Hexes          | 1 2 3 4 5 6 7 8 |  8.1
Summonings     | 1 2 3 4 5 6 7 8 |  8.1
Necromancy     | 1 2 3 4 5 6 7 8 |  8.1
Translocations | 1 2 3 4 5 6 7 8 |  8.1
Transmutations | 1 2 3 4 5 6 7 8 |  8.1
Fire Magic     | 1 2 3 4 5 6 7 8 |  8.1
Air Magic      | 1 2 3 4 5 6 7 8 |  8.1
Earth Magic    | 1 2 3 4 5 6 7 8 |  8.1
Poison Magic   | 1 2 3 4 5 6 7 8 |  8.1
Dodging        | 5 6 7 8 9 10 | 10.6
Stealth        | 5 6 7 8 9 10 | 10.4
Ice Magic      | 8 9 10 | 10.7

Action                   |  1- 3 |  4- 6 |  7- 9 | 10-12 | 13-15 || total
-------------------------+-------+-------+-------+-------+-------++-------
Melee: Mace              |    29 |       |       |       |       ||    29
       Bite              |     4 |     1 |     7 |    33 |    47 ||    92
       Unarmed           |     3 |       |       |       |     4 ||     7
       Dagger            |    38 |    25 |     7 |       |       ||    70
       Whip              |       |       |   117 |     6 |       ||   123
       Punch             |       |       |     2 |    11 |    14 ||    27
       Spear             |       |       |       |   314 |   439 ||   753
 Cast: Freeze            |    25 |       |     4 |     9 |    10 ||    48
       Frozen Ramparts   |     4 |    13 |    47 |    82 |    98 ||   244
       Hailstorm         |       |       |     5 |     7 |    10 ||    22
       Summon Ice Beast  |       |       |    20 |    65 |    93 ||   178
       Fireball          |       |       |       |       |     3 ||     3
       Ice Form          |       |       |       |       |     1 ||     1
Invok: Channel Magic     |       |       |       |     1 |     4 ||     5
Evoke: Wand              |       |       |     2 |       |       ||     2
  Use: Scroll            |     2 |       |       |    11 |    12 ||    25
       Potion            |       |       |       |     1 |     1 ||     2
 Stab: Sleeping          |    10 |     3 |     1 |     8 |     3 ||    25
       Distracted        |       |       |       |     1 |     8 ||     9
Armor: Robe              |    13 |     2 |    16 |    64 |    94 ||   189
       Skin              |       |       |       |     2 |     5 ||     7
Dodge: Dodged            |    53 |    18 |   126 |   276 |   340 ||   813
Block: Kite shield       |       |       |       |       |    33 ||    33

Table legend: (Time is in decaauts)
 A = Elapsed time spent in this place.
 B = Non-inter-level travel time spent in this place.
 C = Inter-level travel time spent in this place.
 D = Time resting spent in this place.
 E = Time spent auto-exploring this place.
 F = Levels seen in this place.
 G = Mean time per level.
                   A        B        C        D        E       F      G
               +--------+--------+--------+--------+--------+-----+--------+
         Total |  22908 |  21938 |    970 |    362 |  16807 |  22 | 1041.3 |
       Dungeon |  14874 |  14206 |    668 |    173 |  11179 |  13 | 1144.2 |
        Temple |    234 |    205 |     29 |      0 |    205 |   1 |  234.0 |
          Lair |   7222 |   6964 |    258 |     80 |   5160 |   6 | 1203.7 |
  Orcish Mines |    576 |    562 |     14 |    109 |    263 |   2 |  288.0 |
               +--------+--------+--------+--------+--------+-----+--------+

Top non-repeatable levels by time:
  Lair:6: 1921 daAuts
    D:12: 1796 daAuts
     D:7: 1624 daAuts
     D:9: 1482 daAuts
  Lair:5: 1456 daAuts
     D:4: 1403 daAuts
     D:1: 1388 daAuts
  Lair:1: 1189 daAuts
  Lair:3: 1181 daAuts
     D:3: 1162 daAuts
     D:5: 1146 daAuts
     D:8: 1141 daAuts
     D:6: 1050 daAuts
    D:10: 972 daAuts
    D:11: 826 daAuts
